Map: Abyssal Reef LE

Players

Yata - Winner!

  • Race: Zerg Zerg
  • League: Platinum
  • Spawn Location: 11:00

ChessEquat

  • Race: Terran Terran
  • League: Platinum
  • Spawn Location: 5:00

VOD

Have the link to the VOD?

Description

Time

  • Played on: Sept. 20, 2017, 1:43 p.m.
  • Length: 17:13
Show
View Real Time Build Order
Export as new Build Order

Yata Zerg - Winner!

Build Orders: Hatch First 

Get SALT Encoding   

  12  0:01  Drone  
  13  0:12  Overlord  
  13  0:18  Drone  
  14  0:31  Drone x2  
  14  0:34  Drone  
  17  0:55  Hatchery  
  16  0:57  Drone  
  16  1:01  Drone  
  18  1:11  Extractor  
  18  1:16  Spawning Pool  
  16  1:19  Drone  
  16  1:22  Drone  
  18  1:28  Drone  
  19  1:39  Overlord  
  19  1:51  Drone  
  20  2:02  Drone  
  20  2:03  Queen  
  20  2:07  Queen  
  25  2:12  Zergling x4  
  25  2:14  Metabolic Boost  
  27  2:20  Drone  
  28  2:30  Drone  
  29  2:49  Overlord  
  29  2:50  Overlord  
  29  2:53  Drone x3  
  32  3:04  Drone x2  
  34  3:24  Drone x4  
  34  3:25  Drone x5  
  43  3:39  Drone x2, Evolution Chamber  
  43  3:41  Baneling Nest  
  43  3:55  Hatchery  
  42  3:58  Zergling x8  
  42  3:59  Zergling x8  
  50  4:11  Queen  
  50  4:13  Overlord  
  50  4:14  Overlord  
  52  4:26  Baneling x3  
  52  4:27  Baneling  
  52  4:33  Zerg Melee Weapons Level 1  
  54  4:39  Pneumatized Carapace  
  54  4:45  Baneling  
  52  5:03  Drone x11  
  52  5:04  Drone x4  
  52  5:45  Zergling x18  
  52  5:46  Zergling x8  
  65  5:54  Drone x2  
  67  5:58  Drone  
  67  5:59  Drone x3  
  71  6:24  Lair  
  71  6:29  Extractor  
  71  6:30  Drone x3  
  71  6:31  Overlord  
  71  6:32  Overlord x4  
  73  6:41  Baneling x6  
  73  6:46  Extractor  
  72  6:49  Drone  
  72  6:50  Drone x2  
  72  6:51  Drone x2  
  77  7:00  Extractor  
  76  7:03  Zerg Missile Weapons Level 1  
  76  7:09  Evolution Chamber  
  76  7:10  Queen  
  76  7:11  Queen  
  66  7:30  Zergling x2  
  66  7:31  Zergling x28  
  66  7:32  Zergling x6  
  84  7:37  Drone x3  
  84  7:41  Queen  
  89  7:46  Hatchery  
  89  7:48  Hydralisk Den  
  87  7:57  Baneling  
  87  8:01  Spore Crawler  
  87  8:04  Spore Crawler  
  85  8:05  Spore Crawler  
  85  8:10  Zerg Ground Armor Level 1  
  84  8:15  Overlord x6  
  84  8:31  Baneling x6  
  84  8:32  Zergling x2, Baneling x2  
  84  8:33  Zergling x18  
  94  8:38  Muscular Augments  
  94  8:41  Extractor  
  93  8:42  Queen  
  95  8:51  Baneling x3  
  95  8:52  Baneling x4  
  63  9:10  Zergling x6  
  63  9:11  Zergling x32  
  71  9:25  Zergling x12  
  77  9:37  Queen  
  70  9:43  Zergling x22  
  73  9:55  Drone x3  
  76  10:04  Drone x5  
  81  10:12  Zerg Melee Weapons Level 2  
  81  10:13  Zerg Missile Weapons Level 2  
  81  10:16  Hydralisk x6  
  91  10:24  Overseer  
  91  10:37  Hydralisk  
  91  10:38  Hydralisk x9  
  91  10:42  Drone x5  
  116  10:56  Hydralisk  
  116  10:57  Hydralisk x2  
  118  11:00  Zergling x2  
  118  11:01  Zergling x16  
  131  11:07  Infestation Pit  
  131  11:11  Drone x4  
  134  11:17  Drone x4  
  117  11:44  Zergling x24  
  114  11:53  Zergling x2  
  114  11:54  Zergling x14  
  120  12:00  Drone x6  
  126  12:05  Zergling x8  
  130  12:12  Hive  
  130  12:24  Hatchery  
  130  12:29  Queen  
  129  12:31  Hydralisk  
  129  12:32  Hydralisk x8  
  149  12:37  Baneling x5  
  149  12:38  Baneling x3  
  149  12:44  Drone x5  
  149  12:49  Drone  
  149  12:50  Drone x3  
  158  12:57  Drone x4  
  158  12:58  Drone x2  
  164  13:02  Zerg Ground Armor Level 2  
  164  13:05  Queen  
  164  13:10  Zergling x2  
  167  13:13  Overlord  
  167  13:14  Overlord x2  
  132  13:50  Zergling x30  
  132  13:51  Zergling x20  
  152  13:57  Queen  
  154  14:07  Hydralisk  
  154  14:08  Hydralisk x9  
  174  14:16  Baneling x3  
  174  14:17  Baneling x5  
  174  14:20  Overlord x2  
  174  14:21  Overlord x2  
  170  14:32  Zergling x2  
  170  14:33  Zergling x6  
  155  14:48  Zergling x2  
  155  14:49  Zergling x20  
  162  15:08  Ultralisk Cavern  
  162  15:11  Zergling x26  
  171  15:18  Adrenal Glands  
  171  15:28  Zergling x22  
  172  15:31  Baneling x7  
  172  15:32  Baneling x7  
  182  15:40  Hatchery  
  181  15:46  Hatchery  
  149  16:01  Zergling x2  
  149  16:02  Zergling x36  
  149  16:03  Zergling x12  
  159  16:07  Zergling x10  
  159  16:25  Ultralisk x2  
  167  16:34  Zergling x26  
Show
View Real Time Build Order
Export as new Build Order

ChessEquat Terran 

Build Orders: Reaper Expand 

Get SALT Encoding   

  12  0:02  SCV  
  13  0:14  SCV  
  13  0:18  Supply Depot  
  14  0:26  Refinery  
  15  0:28  SCV  
  15  0:42  Barracks  
  15  0:46  SCV  
  16  0:58  SCV  
  17  1:10  SCV  
  18  1:22  SCV  
  19  1:29  Reaper  
  20  1:35  Orbital Command  
  20  1:49  Command Center  
  20  2:02  Factory  
  20  2:03  Marine  
  21  2:13  Refinery  
  21  2:20  SCV  
  21  2:21  Supply Depot  
  22  2:32  SCV  
  23  2:44  SCV  
  24  2:52  Marine  
  24  2:56  SCV  
  26  2:58  Widow Mine, Starport  
  28  3:09  Marine, SCV  
  31  3:21  SCV  
  31  3:27  Orbital Command  
  31  3:33  SCV  
  32  3:39  Marine  
  32  3:40  Supply Depot  
  32  3:44  Factory Tech Lab  
  32  3:48  Barracks  
  32  3:50  SCV  
  33  4:02  SCV  
  34  4:03  Engineering Bay  
  34  4:04  SCV  
  34  4:07  Medivac  
  34  4:09  Barracks Reactor  
  37  4:14  SCV  
  37  4:16  SCV  
  39  4:20  Supply Depot  
  39  4:26  Refinery, SCV  
  39  4:28  SCV  
  39  4:29  Engineering Bay  
  41  4:36  Widow Mine  
  44  4:38  SCV  
  44  4:50  SCV  
  44  4:51  SCV  
  46  4:56  Barracks Tech Lab  
  46  5:01  Supply Depot  
  46  5:02  Supply Depot, SCV  
  46  5:03  SCV  
  46  5:05  Siege Tank  
  51  5:07  Terran Infantry Armor Level 1, Terran Infantry Weapons Level 1  
  51  5:09  Marine x2  
  51  5:10  Starport Reactor  
  53  5:15  SCV x2  
  44  5:26  Marine  
  44  5:27  SCV x2  
  43  5:39  SCV x2  
  43  5:47  Marine x3  
  46  5:51  SCV  
  46  5:53  SCV  
  48  6:03  SCV  
  49  6:04  Missile Turret  
  49  6:05  SCV  
  49  6:08  Marine x2, Marauder  
  54  6:15  SCV  
  54  6:16  Command Center  
  54  6:17  SCV  
  56  6:19  Medivac x2  
  56  6:22  Stimpack  
  56  6:25  Missile Turret  
  60  6:26  Marine x2  
  60  6:27  Armory, SCV  
  60  6:29  SCV  
  60  6:30  Marauder  
  66  6:35  Widow Mine  
  66  6:39  SCV  
  69  6:41  Refinery  
  69  6:42  SCV  
  70  6:49  Marine x2  
  70  6:51  SCV, Marauder  
  70  6:54  SCV  
  76  6:57  Barracks  
  76  6:58  Medivac  
  78  7:14  Marauder, Siege Tank, Marine x2, SCV  
  78  7:15  Supply Depot  
  86  7:19  Supply Depot x2  
  81  7:33  SCV x2  
  81  7:35  Marine x2  
  87  7:37  Supply Depot, Medivac, Marauder  
  87  7:41  Supply Depot  
  89  7:44  Orbital Command  
  89  7:48  Barracks Tech Lab  
  89  7:51  Widow Mine  
  89  7:53  Marine  
  89  7:56  SCV  
  89  7:57  SCV  
  96  7:58  Marauder  
  96  8:04  Supply Depot  
  96  8:09  Medivac x2, Marauder  
  102  8:19  Marauder  
  104  8:27  Supply Depot  
  104  8:39  Medivac  
  104  8:41  Marauder  
  108  8:42  Supply Depot  
  108  8:44  Supply Depot  
  108  8:47  Orbital Command  
  108  9:02  Marauder  
  103  9:23  Marine x3, Marauder  
  108  9:29  SCV x3  
  105  9:41  SCV x3, Marine x2, Marauder  
  105  10:05  Supply Depot  
  105  10:07  Terran Infantry Weapons Level 2, Terran Infantry Armor Level 2  
  105  10:08  Marine x2  
  105  10:09  Marauder x2  
  105  10:10  Medivac, Siege Tank  
  105  10:11  Medivac  
  118  10:23  Liberator  
  118  10:24  Liberator  
  118  10:26  Marine  
  119  10:29  Supply Depot x2  
  119  10:30  SCV x3, Marauder x2  
  119  10:31  Supply Depot  
  126  10:42  Siege Tank, SCV x3  
  138  10:43  Supply Depot, Marine  
  138  10:44  Marine  
  138  10:50  Refinery  
  138  10:51  Marauder x2  
  138  10:52  Refinery  
  142  11:01  Marine  
  142  11:02  Marine  
  144  11:10  Supply Depot  
  144  11:13  SCV x2, Marauder x2  
  144  11:14  Widow Mine, SCV  
  153  11:19  Marine x2  
  153  11:24  Barracks  
  155  11:25  SCV  
  155  11:26  SCV x2  
  155  11:27  Barracks  
  158  11:34  Marine, Marauder  
  151  11:40  Liberator x2  
  151  11:45  Marine  
  113  11:52  Marauder  
  113  11:53  Marine  
  109  11:55  Marauder  
  117  12:03  Marine  
  117  12:04  Barracks x2  
  118  12:11  Marine  
  118  12:13  Marauder  
  121  12:16  Marine  
  121  12:20  Terran Vehicle Weapons Level 1, Marine  
  121  12:21  Starport  
  123  12:28  Marine  
  124  12:30  Command Center  
  124  12:34  Marine x2  
  124  12:35  Marine x2  
  128  12:38  Marine  
  128  12:40  Viking x2  
  133  12:46  Marine  
  133  12:49  Terran Infantry Weapons Level 3  
  133  12:50  Terran Infantry Armor Level 3  
  134  12:52  Barracks Reactor, Marine x2  
  134  12:53  Marine x2  
  134  12:54  Barracks Reactor  
  134  12:56  Marine  
  139  13:04  Marine  
  140  13:10  Medivac x2, Marine  
  145  13:16  Marine  
  145  13:17  Marine  
  149  13:20  Command Center  
  149  13:22  Marine  
  149  13:24  Barracks Reactor  
  148  13:28  Marine  
  148  13:31  Marine x4  
  148  13:34  Barracks Reactor, Marine  
  153  13:35  Marauder  
  153  13:40  Medivac  
  135  13:58  Marine x6, Marauder x2  
  135  14:00  Medivac x2  
  149  14:14  Marine x3  
  149  14:16  Marine x6  
  158  14:19  Marine  
  158  14:20  Marauder  
  158  14:33  Marine  
  158  14:37  Marauder  
  154  14:41  Marine x2, Marauder  
  154  14:42  Marine x3  
  126  14:56  Marine x5  
  126  14:59  Marine x4, Marauder  
  130  15:00  Marine  
  130  15:02  Marauder  
  131  15:11  Starport Reactor  
  131  15:13  Marine, Planetary Fortress  
  131  15:14  Marine x2  
  132  15:20  Marauder  
  132  15:21  Planetary Fortress  
  136  15:24  Marine, Marauder  
  136  15:25  Marine x5  
  136  15:26  Marine  
  145  15:34  Command Center  
  145  15:36  Marine x3  
  145  15:41  Marauder  
  145  15:42  Marine  
  150  15:43  Marine  
  150  15:45  Marine x2, Marauder  
  150  15:47  Medivac x2  
  160  15:55  Refinery  
  128  15:58  Refinery  
  128  16:03  Marauder  
  107  16:05  Marine x2  
  107  16:06  Marine x8, Marauder  
  104  16:23  Marine x2  
  104  16:24  Marine x8, Marauder  
  116  16:28  Marauder  
  102  16:41  Marine x5  
  102  16:42  Marine x3  
  102  16:46  Marauder  
  91  16:49  Marauder  
Tags
 
Add a new tag
Caveats
  • Supply blocks, unpowered buildings, or Contaminate may cause inaccurate times.
  • Supply counts are checked every 10 seconds.